 Dungeon Crawl Stone Soup version 0.32-a0-994-gabb26cbae4 (webtiles) character file.

Game seed: 6223717299308415695

137886 Vbesf the Spear-Bearer (level 17, -3/178 HPs)
             Began as a Gnoll Cinder Acolyte on Apr 22, 2024.
             Was a High Priest of Jiyva.
             Slain by a bone dragon (15 damage)
             ... while paralysed by accursed screaming
             ... on level 3 of the Abyss.
             The game lasted 01:35:57 (28728 turns).

Vbesf the Spear-Bearer (Gnoll Cinder Acolyte)      Turns: 28728, Time: 01:35:58

Health: -3/178     AC: 21    Str: 22    XL:     17   Next: 25%
Magic:  32/33      EV:  2    Int: 14    God:    Jiyva [*****.]
Gold:   1743       SH:  0    Dex:  5    Spells: 40/40 levels left

rFire   + + .        c - +9 lance "Wyrmbane" {slay drac, rPois rF+ rC+ AC+3}
rCold   + + .        K - +1 kite shield {rC+}
rNeg    . . .        o - +0 storm dragon scales
rPois   +            R - +2 helmet
rElec   +            y - +1 cloak
rCorr   +            m - +0 pair of gloves
SInv    +            (no boots)
Will    +....        a - amulet of reflection
Stlth   +++          s - ring of protection from fire
HPRegen 1.93/turn    O - ring of Tipp {Fly Str+2 Dex-4 Stlth+}
MPRegen 0.95/turn

%: reflection
@: paralysed, on berserk cooldown, flying, hasted and slowed
A: fangs 1, strong nose, distributed training, hooves 1, robust 3, acidic bite,
eyeballs 3, pseudopods 3, translucent skin 1, jelly sensing items
a: Renounce Religion, Oozemancy, Slimify


You were on level 3 of the Abyss.
You worshipped Jiyva.
Jiyva was extremely pleased with you.
You visited 5 branches of the dungeon, and saw 26 of its levels.
You visited the Abyss 1 time.
You also visited: Ice Cave.

You collected 1743 gold pieces.

Inventory:

Hand Weapons
 c - the +9 lance "Wyrmbane" (weapon) {slay drac, rPois rF+ rC+ AC+3}
   (You took it off Maggie on level 9 of the Dungeon)

   AC+3:      It affects your AC (+3).
   rF+:       It protects you from fire.
   rC+:       It protects you from cold.
   rPois:     It protects you from poison.
 N - a +2 hand cannon of freezing
 Z - the +9 morningstar of Flawed Execution {freeze, +Blink Str+4}
   (You found it on level 4 of the Lair of Beasts)

   Str+4:     It affects your strength (+4).
   +Blink:    It lets you blink.
Missiles
 b - 44 stones (quivered)
 i - 12 darts of dispersal
 G - 22 poisoned darts
Armour
 m - a +0 pair of gloves (worn)
 o - +0 storm dragon scales (worn)
 y - a +1 cloak (worn)
 K - a +1 kite shield of cold resistance (worn)
 P - a +2 scale mail of cold resistance
 R - a +2 helmet (worn)
Jewellery
 a - an amulet of reflection (around neck)
 d - a ring of see invisible
 f - an amulet of magic regeneration
 s - a ring of protection from fire (left hand)
 v - a ring of ice
 H - a ring of fire
 J - the ring "Axulorhe" {rC+ Stlth+}
   (You found it in an ice cave)

   [ring of protection from cold]

   rC+:       It protects you from cold.
   Stlth+:    It makes you more stealthy.
 O - the ring of Tipp (right hand) {Fly Str+2 Dex-4 Stlth+}
   (You took it off a centaur on level 7 of the Dungeon)

   [ring of flight]

   Str+2:     It affects your strength (+2).
   Dex-4:     It affects your dexterity (-4).
   Fly:       It grants you flight.
   Stlth+:    It makes you more stealthy.
Wands
 q - a wand of quicksilver (1)
 C - a wand of paralysis (12)
 S - a wand of polymorph (22)
 U - a wand of roots (33)
 Y - a wand of flame (19)
Scrolls
 e - 2 scrolls of fear
 g - 2 scrolls of vulnerability
 h - 7 scrolls of teleportation
 l - a scroll of enchant armour {unknown}
 r - 6 scrolls of fog
 w - 2 scrolls of torment
 D - 5 scrolls of noise
 E - 3 scrolls of revelation
 Q - 3 scrolls of poison
 T - 2 scrolls of amnesia
 W - 2 scrolls of immolation {unknown}
 X - 2 scrolls of enchant weapon {unknown}
Potions
 k - 7 potions of curing
 n - 2 potions of enlightenment
 p - a potion of brilliance {unknown}
 t - 3 potions of haste
 u - 3 potions of ambrosia {unknown}
 x - 4 potions of berserk rage
 z - 3 potions of attraction
 A - a potion of resistance {unknown}
 F - a potion of invisibility {unknown}
 I - a potion of cancellation {unknown}
 L - 4 potions of might {unknown}
 M - 3 potions of magic {unknown}
 V - 3 potions of degeneration {unknown}


   Skills:
 + Level 13.5 Fighting
 + Level 11.9 Short Blades
 + Level 11.9 Long Blades
 + Level 11.9 Axes
 + Level 11.9 Maces & Flails
 + Level 13.5 Polearms
 + Level 11.9 Staves
 + Level 11.9 Ranged Weapons
 + Level 11.9 Throwing
 + Level 11.9 Armour
 + Level 11.9 Dodging
 + Level 11.9 Stealth
 + Level 11.9 Shields
 + Level 11.9 Unarmed Combat
 + Level 12.2 Spellcasting
 + Level 10.1 Conjurations
 + Level 10.1 Hexes
 + Level 10.1 Summonings
 + Level 10.1 Necromancy
 + Level 10.1 Translocations
 + Level 11.4 Fire Magic
 + Level 10.1 Ice Magic
 + Level 10.1 Air Magic
 + Level 10.1 Earth Magic
 + Level 10.1 Alchemy
 + Level 12.9 Invocations
 + Level 11.9 Evocations
 + Level 11.0 Shapeshifting


You had 40 spell levels left.
You didn't know any spells.
Your spell library contained the following spells:

 Spells                   Type           Power      Damage    Failure   Level
 Apportation              Tloc           72%        N/A       1%          1
 Necrotise                Necr           100%       1d9       1%          1
 Sandblast                Erth           72%        2d16      1%          1
 Sting                    Conj/Alch      100%       1d9       1%          1
 Summon Small Mammal      Summ           100%       N/A       1%          1
 Ensorcelled Hibernation  Hex/Ice        72%        N/A       1%          2
 Jinxbite                 Hex            72%        N/A       1%          2
 Lesser Beckoning         Tloc           72%        N/A       1%          2
 Mercury Vapours          Alch/Air       72%        N/A       1%          2
 Scorch                   Fire           80%        2d8       1%          2
 Call Canine Familiar     Summ           36%        N/A       3%          3
 Frozen Ramparts          Ice            72%        1d11      3%          3
 Maxwell's Portable Pile  Tloc           36%        2d(8-24)  3%          3
 Ozocubu's Armour         Ice            36%        N/A       3%          3
 Passwall                 Erth           36%        N/A       3%          3
 Sigil of Binding         Hex            36%        N/A       3%          3
 Stone Arrow              Conj/Erth      72%        3d11      3%          3
 Swiftness                Air            36%        N/A       3%          3
 Teleport Other           Tloc           36%        N/A       3%          3
 Anguish                  Hex/Necr       18%        N/A       12%         4
 Cause Fear               Hex            18%        N/A       12%         4
 Dimensional Bullseye     Hex/Tloc       18%        N/A       12%         4
 Olgreb's Toxic Radiance  Alch           36%        N/A       12%         4
 Alistair's Intoxication  Alch           24%        N/A       32%         5
 Metabolic Englaciation   Hex/Ice        18%        N/A       32%         5
 Silence                  Hex/Air        18%        N/A       32%         5
 Summon Forest            Summ/Tloc      18%        N/A       32%         5
 Summon Mana Viper        Hex/Summ       36%        N/A       32%         5
 Yara's Violent Unravell  Hex/Alch       18%        3d9       32%         5
 Summon Cactus Giant      Summ           18%        N/A       88%         6
 Enfeeble                 Hex            18%        N/A       100%        7
 Discord                  Hex            18%        N/A       100%        8


Dungeon Overview and Level Annotations

Branches:
Dungeon (15/15)            Temple (1/1) D:4            Lair (5/5) D:8
  Swamp (3/4) Lair:3       Spider (0/4) Lair:2        Slime (0/5) Lair:4
    Orc (2/2) D:11            Elf (0/3) Orc:2        Vaults (0/5) D:13
 Depths (0/4) D:15          IceCv (visited)

Altars:
Ashenzari
Cheibriados
Dithmenos
Elyvilon
Fedhas
Gozag
Hepliaklqana
Kikubaaqudgha
Makhleb
Nemelex Xobeh
Okawaru
Qazlal
Ru
Sif Muna
Trog
Uskayaw
Vehumet
Wu Jian
Xom
Yredelemnul
Zin
The Shining One
Beogh
Jiyva

Shops:
D:11 (((=   Orc:2 =!((

Annotations:
D:2 1 runed translucent door, Crazy Yiuf
D:5 2 transporters
D:10 3 runed translucent doors, P0WERM0DE's ghost, journeyman CoCK; jSlice's ghost, journeyman DjCj
Lair:4 1 runed translucent door
Swamp:3 Donald; Louise; Mara
Orc:1 2 transporters, Cirumm's ghost, journeyman DsFi


Innate Abilities, Weirdness & Mutations

You have very sharp teeth.
Your uncanny sense of smell can sniff out nearby items.
Your experience applies equally to all skills.
You have large cloven feet.
You are extremely robust. (+30% HP)
You have acidic saliva.
Your body is covered in eyes which may confuse attackers. (Acc +7, SInv)
Armour fits poorly on your massive pseudopods.
Your translucent skin slightly reduces your foes' accuracy. (Stealth+)
You have a small jelly attached to you that senses nearby items.


Message History

Your Shapeshifting skill increases to level 11!
You take 21 damage, and have 124/267 hp.
The bone dragon quivers momentarily.
The starcursed mass touches you.
The mad acolyte of Lugonu prays to Lugonu.
The mad acolyte of Lugonu blinks!
The starcursed mass closely misses you. You block the starcursed mass's attack.
You take 5 damage, and have 119/267 hp.
You hit the bone dragon.
The bone dragon convulses.
You kick the bone dragon. You bite the bone dragon.
The acid corrodes the bone dragon!
You bludgeon the bone dragon!
The bone dragon is lightly damaged.
The bone dragon barely misses you. You block the bone dragon's attack.
The bone dragon tramples you!
You hold your ground!
A cacophony of accursed wailing tears at your sanity!
* * * LOW HITPOINT WARNING * * *
You suddenly lose the ability to move!
The starcursed mass touches you!
* * * LOW HITPOINT WARNING * * *
The starcursed mass touches you but does no damage.
A cacophony of accursed wailing tears at your sanity!
* * * LOW HITPOINT WARNING * * *
You shrug off the repeated paralysis!
The bone dragon bites you but does no damage.
The bone dragon claws you!
* * * LOW HITPOINT WARNING * * *
The bone dragon tramples you.
* * * LOW HITPOINT WARNING * * *
You hold your ground!
The starcursed mass completely misses you.
The starcursed mass touches you but does no damage. x4
The bone dragon bites you but does no damage.
The bone dragon claws you but does no damage.
The bone dragon tramples you!
* * * LOW HITPOINT WARNING * * *
You hold your ground!
You can move again.
You take 64 damage, and have 55/267 hp.
MASSIVE DAMAGE!!
You regained 2 mp, and now have 27/33 mp.
Press: ? - help, v - describe, . - travel
Here: a starcursed mass The floor.
The starcursed mass touches you.
* * * LOW HITPOINT WARNING * * *
The eyeballs on your body gaze at the starcursed mass.
You take 5 damage, and have 50/267 hp.
You feel a strong urge to attack something.
The bone dragon bites you.
* * * LOW HITPOINT WARNING * * *
The bone dragon claws you.
* * * LOW HITPOINT WARNING * * *
You block the bone dragon's attack.
You see here a blink frog corpse.
You take 6 damage, and have 44/267 hp.
A thrashing horror comes into view.
The thrashing horror roars!
The bone dragon attacks as it pursues you!
The bone dragon bites you!!
* * * LOW HITPOINT WARNING * * *
You block the bone dragon's attack. The bone dragon tramples you!
* * * LOW HITPOINT WARNING * * *
You are shoved backwards!
You take 30 damage, and have 14/267 hp.
You feel your anger nearly subside.
You are no longer berserk.
You are exhausted.
You feel yourself slow down.
A thrashing horror comes into view.
The starcursed mass touches the starcursed mass but does no damage.
A starcursed mass splits.
The thrashing horror moves out of view.
You now have 11/178 hp.
You feel much better.
You block the thrashing horror's attack.
The eyeballs on your body gaze at the thrashing horror.
The thrashing horror tramples you.
* * * LOW HITPOINT WARNING * * *
You are shoved backwards!
You block the thrashing horror's attack. x2
The starcursed mass touches the starcursed mass!
The starcursed mass shudders and is absorbed by its neighbour.
The bone dragon bites you but does no damage.
The bone dragon claws you.
* * * LOW HITPOINT WARNING * * *
The bone dragon tramples you but does no damage.
The starcursed mass touches the starcursed mass.
The starcursed mass shudders and is absorbed by its neighbour.
You regained 27 hp, and now have 38/178 hp.
You feel yourself speed up.
The starcursed mass seems less confused.
The bone dragon is no longer covered in acid.
You block the starcursed mass's attack.
A cacophony of accursed wailing tears at your sanity!
* * * LOW HITPOINT WARNING * * *
You suddenly lose the ability to move!
The bone dragon bites you!
* * * LOW HITPOINT WARNING * * *
The bone dragon claws you but does no damage.
The bone dragon tramples you.
* * * LOW HITPOINT WARNING * * *
You are shoved backwards!
The bone dragon bites you!
You die...
Jiyva sends a jelly to digest your remains.

# .# .. .
..#.##... ..
....... ..
#.>...# # # . # )
.. .### #.# # ⌠
.#....## #
.⌠'#######'⌠.....
# #..#≈#..# . .#
#....@D.# ## #
##X#≈#X## . .
#≈.≈.≈X≈# . #
##X≈≈≈.## #
##..XXX# .
#≈w.p.X≈# # .#
##│._..### .
#≈.*...≈ . .
##.....## .


You could see a bone dragon, 7 starcursed masses, an eldritch tentacle and a mad
acolyte of Lugonu (invisible).

Vanquished Creatures
  Gastronok (D:12)
  2 thorn hunters
  A tentacled starspawn (Abyss:3)
  Frances (Swamp:1)
  A fenstrider witch (Swamp:2)
  2 azure jellies (IceCv)
  A quicksilver ooze (IceCv)
  A very ugly thing (D:15)
  An occultist (Abyss:3)
  3 eleionomae
  3 bunyips
  A dire elephant (D:15)
  A crystal guardian (Abyss:3)
  An entropy weaver (shapeshifter) (D:13)
  Fannar (Orc:1)
  4 vault guards (D:13)
  A shambling mangrove (Swamp:1)
  Erolcha (Orc:2)
  4 hydras
  A merfolk avatar (Abyss:3)
  9 alligators
  4 ogre magi
  4 boulder beetles
  5 catoblepae (Lair:5)
  8 death yaks
  3 centaur warriors
  4 two-headed ogres
  A thrashing horror (Abyss:3)
  A demonic crawler (Abyss:3)
  A tengu warrior (D:15)
  3 deep elf knights (D:13)
  A spriggan berserker (Swamp:2)
  2 wretched stars (Abyss:3)
  A skyshark (Lair:4)
  3 skeletal warriors (D:15)
  4 swamp dragons
  5 goliath frogs
  4 orc knights
  2 bog bodies (Swamp:1)
  A deep elf pyromancer (D:12)
  Pikel (D:4)
  4 oklob plants (Lair:4)
  4 starcursed masses (Abyss:3)
  3 obsidian bats
  7 manticores
  8 orc sorcerers
  A will-o-the-wisp (Swamp:2)
  Maurice (Orc:2)
  21 ugly things
  A kobold blastminer (Orc:2)
  14 elephants
  A water nymph (D:15)
  3 ice statues (IceCv)
  8 black mambas
  2 large abominations (Abyss:3)
  8 cane toads
  Jeremiah (D:9)
  A cane toad (shapeshifter) (D:15)
  5 gargoyles
  2 yaktaurs
  Maggie (D:9)
  3 efreet
  6 rime drakes
  A kobold demonologist (D:12)
  7 komodo dragons
  A queen bee (shapeshifter) (D:13)
  4 polar bears
  A hellwing (Abyss:3)
  A wind drake (shapeshifter) (Abyss:3)
  7 trolls
  11 hornets
  Prince Ribbit (D:7)
  6 tyrant leeches
  18 blink frogs
  A jumping spider (Lair:2)
  2 raiju (Abyss:3)
  7 dream sheep (Lair:3)
  A culicivora (Lair:2)
  14 slime creatures (IceCv)
  8 spriggans
  A ynoxinul (Abyss:3)
  A shadow (D:10)
  5 wyverns
  Sigmund (D:2)
  2 small abominations (Abyss:3)
  38 yaks
  8 fire elementals
  A wraith (D:10)
  A human (Lair:4)
  5 basilisks
  2 wargs
  A steam dragon (D:6)
  15 vampire mosquitoes
  A neqoxec (Abyss:3)
  Menkaure (D:5)
  6 swamp worms
  A chaos spawn (Abyss:3)
  2 acid dragons (D:10)
  4 great orb of eyes simulacra (IceCv)
  4 swamp drakes
  20 water moccasins
  2 ice beasts
  10 orc warriors
  2 sky beasts (D:6)
  2 elephant zombies (D:9)
  8 ogres
  5 black bears
  15 centaurs
  10 wolves
  A lemure (D:4)
  3 kobold brigands
  7 slime creature simulacra (IceCv)
  5 phantoms
  10 bullfrogs
  6 glowing shapeshifter simulacra (IceCv)
  3 gnoll sergeants
  6 scorpions
  A wight (Abyss:3)
  3 howler monkeys
  An electric eel (Lair:3)
  A bombardier beetle (D:6)
  4 jellies
  2 centaur zombies (D:9)
  5 hounds
  A human zombie (D:9)
  9 orc priests
  3 sleepcaps
  A gnoll bouda (D:7)
  An iguana (D:5)
  Natasha (thrice) (D:2)
  25 orc wizards
  2 scorpion zombies (D:9)
  A shapeshifter simulacrum (IceCv)
  An ogre zombie (D:9)
  4 hound zombies (D:9)
  Robin (D:3)
  5 adders
  21 gnolls
  A shadow imp (D:5)
  A white imp (D:6)
  3 adder zombies (D:9)
  3 ribbon worms
  46 orcs
  8 ball pythons
  6 bats
  4 endoplasms
  4 giant cockroaches
  14 goblins
  10 hobgoblins
  8 jackals
  4 quokkas
  6 frilled lizards
  12 kobolds
  8 rats
  A starspawn tentacle (Abyss:3)
744 creatures vanquished.

Vanquished Creatures (others)
  A two-headed ogre (D:12)
  An alligator (Swamp:2)
  A goliath frog (Swamp:2)
  An orc sorcerer (Orc:2)
  A manticore (D:13)
  A gargoyle (D:13)
  An efreet (D:13)
  3 bloated husks (Swamp:2)
  A tyrant leech (Swamp:2)
  2 hornets (Swamp:2)
  7 slime creatures
  A dream sheep (Lair:4)
  A raiju (Abyss:3)
  2 spriggans (Swamp:2)
  A wraith (D:13)
  A golden eye (Abyss:3)
  A swamp drake (Swamp:2)
  2 centaurs (D:15)
  A howler monkey (D:13)
  51 jellies
  7 orc wizards
  4 orcs
  46 foxfires
  6 starspawn tentacles (Abyss:3)
144 creatures vanquished.

Grand Total: 888 creatures vanquished

Notes
Turn   | Place    | Note
-------+----------+-------------------------------------------
     0 | D:1      | Vbesf the Gnoll Cinder Acolyte began the quest for the Orb.
     0 | D:1      | Reached XP level 1. HP: 23/23 MP: 4/4
    96 | D:1      | Reached XP level 2. HP: 16/29 MP: 5/5
   543 | D:1      | Reached XP level 3. HP: 35/35 MP: 7/7
   809 | D:1      | Reached skill level 1 in Invocations
  1193 | D:2      | Noticed Natasha
  1210 | D:2      | Killed Natasha
  1211 | D:2      | Reached skill level 1 in Short Blades
  1211 | D:2      | Reached skill level 1 in Long Blades
  1211 | D:2      | Reached skill level 1 in Axes
  1211 | D:2      | Reached skill level 1 in Maces & Flails
  1211 | D:2      | Reached skill level 1 in Staves
  1211 | D:2      | Reached skill level 1 in Ranged Weapons
  1211 | D:2      | Reached skill level 1 in Throwing
  1211 | D:2      | Reached skill level 1 in Armour
  1211 | D:2      | Reached skill level 1 in Dodging
  1211 | D:2      | Reached skill level 1 in Stealth
  1211 | D:2      | Reached skill level 1 in Shields
  1211 | D:2      | Reached skill level 1 in Unarmed Combat
  1211 | D:2      | Reached skill level 1 in Evocations
  1211 | D:2      | Reached skill level 1 in Shapeshifting
  1211 | D:2      | Reached XP level 4. HP: 16/41 MP: 8/8
  1479 | D:2      | Reached skill level 1 in Conjurations
  1479 | D:2      | Reached skill level 1 in Hexes
  1479 | D:2      | Reached skill level 1 in Summonings
  1479 | D:2      | Reached skill level 1 in Necromancy
  1479 | D:2      | Reached skill level 1 in Translocations
  1479 | D:2      | Reached skill level 1 in Ice Magic
  1479 | D:2      | Reached skill level 1 in Air Magic
  1479 | D:2      | Reached skill level 1 in Earth Magic
  1479 | D:2      | Reached skill level 1 in Alchemy
  1492 | D:2      | Noticed Natasha
  1499 | D:2      | Killed Natasha
  1503 | D:2      | Noticed Natasha
  1517 | D:2      | Killed Natasha
  1518 | D:2      | Reached XP level 5. HP: 16/47 MP: 9/9
  1660 | D:2      | Noticed Sigmund
  1662 | D:2      | Killed Sigmund
  1663 | D:2      | Reached XP level 6. HP: 53/53 MP: 9/11
  1790 | D:2      | Found a runed translucent door.
  1791 | D:2      | Noticed Crazy Yiuf
  1941 | D:3      | Noticed Robin
  1962 | D:3      | Killed Robin
  2054 | D:3      | Found a shadowy altar of Dithmenos.
  2079 | D:3      | Found an opulent altar of Gozag.
  2415 | D:3      | Found a glowing golden altar of the Shining One.
  2416 | D:3      | Found an ornate altar of the Wu Jian Council.
  2477 | D:3      | Identified the +1 falchion of the Ass {flame, Str+4}
  2794 | D:4      | Found an iron altar of Okawaru.
  2975 | D:4      | Reached XP level 7. HP: 58/59 MP: 12/12
  2976 | D:4      | Found a staircase to the Ecumenical Temple.
  2981 | Temple   | Entered the Ecumenical Temple
  3058 | D:4      | Noticed Pikel
  3060 | D:4      | Killed Pikel
  3061 | D:4      | Reached XP level 8. HP: 67/67 MP: 12/14
  4028 | D:5      | Entered Level 5 of the Dungeon
  4500 | D:5      | Found a transporter.
  4549 | D:5      | Noticed a kobold demonologist
  4745 | D:5      | Noticed Menkaure
  4757 | D:5      | Killed Menkaure
  4758 | D:5      | Reached XP level 9. HP: 27/73 MP: 16/16
  4934 | D:5      | Reached skill level 5 in Spellcasting
  4998 | D:5      | Found a transporter.
  5686 | D:6      | Reached skill level 5 in Invocations
  6101 | D:6      | Reached skill level 5 in Short Blades
  6101 | D:6      | Reached skill level 5 in Long Blades
  6101 | D:6      | Reached skill level 5 in Axes
  6101 | D:6      | Reached skill level 5 in Maces & Flails
  6101 | D:6      | Reached skill level 5 in Staves
  6101 | D:6      | Reached skill level 5 in Ranged Weapons
  6101 | D:6      | Reached skill level 5 in Throwing
  6101 | D:6      | Reached skill level 5 in Armour
  6101 | D:6      | Reached skill level 5 in Dodging
  6101 | D:6      | Reached skill level 5 in Stealth
  6101 | D:6      | Reached skill level 5 in Shields
  6101 | D:6      | Reached skill level 5 in Unarmed Combat
  6101 | D:6      | Reached skill level 5 in Evocations
  6112 | D:6      | Reached XP level 10. HP: 48/81 MP: 18/18
  6832 | D:7      | Identified the ring of Tipp {Fly Str+2 Dex-4 Stlth+}
  7104 | D:7      | Found a glowing silver altar of Zin.
  7104 | D:7      | Found a basalt altar of Yredelemnul.
  7274 | D:7      | Noticed Prince Ribbit
  7284 | D:7      | Killed Prince Ribbit
  8096 | D:7      | Reached skill level 5 in Shapeshifting
  8522 | D:8      | Found a staircase to the Lair.
  9656 | D:9      | Found an ancient bone altar of Kikubaaqudgha.
 10026 | D:9      | Identified the +9 hand axe "Fys Vul" {flame, Fly Dex-2
                  | SInv}
 10056 | D:9      | Noticed Jeremiah
 10176 | D:9      | Reached skill level 5 in Conjurations
 10176 | D:9      | Reached skill level 5 in Hexes
 10176 | D:9      | Reached skill level 5 in Summonings
 10176 | D:9      | Reached skill level 5 in Necromancy
 10176 | D:9      | Reached skill level 5 in Translocations
 10176 | D:9      | Reached skill level 5 in Ice Magic
 10176 | D:9      | Reached skill level 5 in Air Magic
 10176 | D:9      | Reached skill level 5 in Earth Magic
 10176 | D:9      | Reached skill level 5 in Alchemy
 10176 | D:9      | Reached XP level 11. HP: 55/89 MP: 21/21
 10182 | D:9      | Killed Jeremiah
 10374 | D:9      | Noticed Maggie
 10377 | D:9      | Killed Maggie
 10838 | D:10     | Entered Level 10 of the Dungeon
 10879 | D:10     | Found a radiant altar of Vehumet.
 11286 | D:10     | Found a runed translucent gate.
 11286 | D:10     | Found a runed translucent gate.
 11286 | D:10     | Found a runed translucent gate.
 11324 | D:10     | Found a snail-covered altar of Cheibriados.
 11548 | D:10     | Noticed jSlice's ghost (journeyman DjCj)
 11548 | D:10     | Noticed P0WERM0DE's ghost (journeyman CoCK)
 11900 | Lair:1   | Entered Level 1 of the Lair of Beasts
 13246 | Lair:2   | Found a frozen archway.
 13273 | Lair:2   | Reached XP level 12. HP: 66/97 MP: 23/23
 13339 | IceCv    | Entered an ice cave
 13893 | IceCv    | Reached skill level 10 in Fighting
 13893 | IceCv    | Reached skill level 10 in Polearms
 14241 | IceCv    | Noticed a quicksilver ooze
 14266 | IceCv    | Killed a quicksilver ooze
 14351 | IceCv    | Noticed an azure jelly
 14355 | IceCv    | Noticed an azure jelly
 14363 | IceCv    | Killed an azure jelly
 14378 | IceCv    | Killed an azure jelly
 14449 | IceCv    | Found a viscous altar of Jiyva.
 14470 | IceCv    | Identified the +2 helmet "Ledofial" {Rampage Str-4 Int+3}
 14710 | IceCv    | Got the ring "Axulorhe" {rC+ Stlth+}
 14843 | IceCv    | Fell from the grace of Ignis
 14843 | IceCv    | Became a worshipper of Jiyva Jiciebue the Shapeless
 15126 | Lair:2   | Reached * piety under Jiyva
 15160 | Lair:2   | Reached XP level 13. HP: 100/104 MP: 25/25
 15316 | Lair:2   | Found a hole to the Spider Nest.
 15580 | Lair:2   | You are sucked into a shaft and drop 1 floor!
 15611 | Lair:3   | Reached ** piety under Jiyva
 15819 | Lair:3   | You are sucked into a shaft and drop 2 floors!
 15819 | Lair:5   | Entered Level 5 of the Lair of Beasts
 16124 | Lair:3   | Reached *** piety under Jiyva
 16183 | Lair:3   | Found a staircase to the Swamp.
 16986 | Lair:4   | Gained mutation: Your translucent skin slightly reduces
                  | your foes' accuracy. (Stealth+) [Jiyva's grace]
 16986 | Lair:4   | Gained mutation: Your translucent skin reduces your foes'
                  | accuracy. (Stealth+) [Jiyva's grace]
 16986 | Lair:4   | Gained mutation: Your transparent skin significantly
                  | reduces your foes' accuracy. (Stealth+) [Jiyva's grace]
 16986 | Lair:4   | Gained mutation: You have acidic saliva. [Jiyva's grace]
 17104 | Lair:4   | Found a viscous altar of Jiyva.
 17104 | Lair:4   | Found a staircase to the Slime Pits.
 17196 | Lair:4   | Reached **** piety under Jiyva
 17237 | Lair:4   | Identified the +9 morningstar of Flawed Execution {freeze,
                  | +Blink Str+4}
 17304 | Lair:4   | You are sucked into a shaft and drop 1 floor!
 17759 | Lair:4   | Reached XP level 14. HP: 96/113 MP: 27/27
 17771 | Lair:4   | Reached skill level 10 in Invocations
 17933 | Lair:4   | Found a runed translucent door.
 17936 | Lair:4   | Noticed a reaper
 18697 | Lair:5   | Reached ***** piety under Jiyva
 18698 | Lair:5   | Got the Catalogue of Signs
 18954 | Lair:5   | Reached skill level 10 in Spellcasting
 19171 | Lair:5   | Was forgiven by Ignis
 19225 | Lair:5   | a death yak changed into an azure jelly
 19225 | Lair:5   | Noticed an azure jelly
 19641 | Lair:5   | Lost mutation: Your transparent skin significantly reduces
                  | your foes' accuracy. (Stealth+) [Jiyva's grace]
 19641 | Lair:5   | Gained mutation: You are robust. (+10% HP) [Jiyva's grace]
 19641 | Lair:5   | Gained mutation: You are very robust. (+20% HP) [Jiyva's
                  | grace]
 19641 | Lair:5   | Gained mutation: You are extremely robust. (+30% HP)
                  | [Jiyva's grace]
 19641 | Lair:5   | Gained mutation: Armour fits poorly on your pseudopods.
                  | [Jiyva's grace]
 20092 | D:11     | Found Fahar's Weapon Shoppe.
 20104 | D:11     | Found Ytytolewk's Weapon Emporium.
 20208 | D:11     | Found Hecearph's Antique Weapon Shoppe.
 20303 | D:11     | Reached skill level 10 in Fire Magic
 20328 | D:11     | Found Dalaxowku's Jewellery Boutique.
 20430 | D:11     | Found a staircase to the Orcish Mines.
 20826 | Orc:1    | Entered Level 1 of the Orcish Mines
 20930 | Orc:1    | Noticed Cirumm's ghost (journeyman DsFi)
 20955 | Orc:1    | Noticed Fannar
 20957 | Orc:1    | Paralysed by an orc sorcerer for 5 turns
 20964 | Orc:1    | Reached skill level 10 in Short Blades
 20964 | Orc:1    | Reached skill level 10 in Long Blades
 20964 | Orc:1    | Reached skill level 10 in Axes
 20964 | Orc:1    | Reached skill level 10 in Maces & Flails
 20964 | Orc:1    | Reached skill level 10 in Staves
 20964 | Orc:1    | Reached skill level 10 in Ranged Weapons
 20964 | Orc:1    | Reached skill level 10 in Throwing
 20964 | Orc:1    | Reached skill level 10 in Armour
 20964 | Orc:1    | Reached skill level 10 in Dodging
 20964 | Orc:1    | Reached skill level 10 in Stealth
 20964 | Orc:1    | Reached skill level 10 in Shields
 20964 | Orc:1    | Reached skill level 10 in Unarmed Combat
 20964 | Orc:1    | Reached skill level 10 in Evocations
 20976 | Orc:1    | Killed Fannar
 21261 | Orc:1    | Found a transporter.
 21283 | Orc:1    | Found a transporter.
 21374 | Orc:2    | Entered Level 2 of the Orcish Mines
 21421 | Orc:2    | Noticed Rupert
 21452 | Orc:2    | Found a staircase to the Elven Halls.
 21464 | Orc:2    | Noticed Maurice
 21512 | Orc:2    | Killed Maurice
 21537 | Orc:2    | Slimified Rupert
 21537 | Orc:2    | Rupert changed into Rupert the azure jelly
 21537 | Orc:2    | Noticed Rupert
 21573 | Orc:2    | Reached XP level 15. HP: 156/156 MP: 29/29
 21619 | Orc:2    | Found a roughly hewn altar of Beogh.
 21689 | Orc:2    | Found Navunk's Antique Weapon Shoppe.
 21728 | Orc:2    | Found a radiant altar of Vehumet.
 21729 | Orc:2    | Noticed Erolcha
 21732 | Orc:2    | Paralysed by an ogre mage for 4 turns
 21762 | Orc:2    | Found Fobbetas's Antique Weapon Emporium.
 21842 | Orc:2    | Killed Erolcha
 21865 | Orc:2    | Lost mutation: Armour fits poorly on your pseudopods.
                  | [Jiyva's grace]
 21865 | Orc:2    | Gained mutation: Your body has grown eyes which may confuse
                  | attackers. (Acc +3) [Jiyva's grace]
 21865 | Orc:2    | Gained mutation: Your body has grown many eyes which may
                  | confuse attackers. (Acc +5) [Jiyva's grace]
 21865 | Orc:2    | Gained mutation: Your body is covered in eyes which may
                  | confuse attackers. (Acc +7, SInv) [Jiyva's grace]
 21865 | Orc:2    | Gained mutation: You are somewhat resistant to further
                  | mutation. [Jiyva's grace]
 21909 | Orc:2    | Found an ancient bone altar of Kikubaaqudgha.
 21977 | Orc:2    | Found Qipoona's Jewellery Emporium.
 22332 | Orc:2    | Found a roughly hewn altar of Beogh.
 22349 | Orc:2    | Found Luhar's Distillery.
 22564 | D:12     | Noticed Gastronok
 22583 | D:12     | Killed Gastronok
 22852 | D:12     | Identified the +4 arbalest of the Viny God {flame, Fly
                  | rElec Will+}
 23460 | D:13     | Reached ****** piety under Jiyva
 23643 | D:13     | Lost mutation: Your translucent skin reduces your foes'
                  | accuracy. (Stealth+) [Jiyva's grace]
 23643 | D:13     | Gained mutation: You have a small jelly attached to you
                  | that senses nearby items. [Jiyva's grace]
 23643 | D:13     | Gained mutation: You have large cloven feet. [Jiyva's
                  | grace]
 23643 | D:13     | Gained mutation: You have hoof-like feet. [Jiyva's grace]
 23643 | D:13     | Gained mutation: You have hooves in place of feet. [Jiyva's
                  | grace]
 23748 | D:13     | Found a gate to the Vaults.
 24441 | D:14     | Reached skill level 10 in Shapeshifting
 24704 | D:15     | Entered Level 15 of the Dungeon
 24731 | D:15     | Reached XP level 16. HP: 167/167 MP: 31/31
 24908 | D:15     | Found a staircase to the Depths.
 26142 | Swamp:1  | Entered Level 1 of the Swamp
 26534 | Swamp:1  | Lost mutation: You have hooves in place of feet. [Jiyva's
                  | grace]
 26534 | Swamp:1  | Lost mutation: You have hoof-like feet. [Jiyva's grace]
 26534 | Swamp:1  | Lost mutation: You are somewhat resistant to further
                  | mutation. [Jiyva's grace]
 26534 | Swamp:1  | Lost mutation: You have acidic saliva. [Jiyva's grace]
 26534 | Swamp:1  | Gained mutation: Armour fits poorly on your pseudopods.
                  | [Jiyva's grace]
 26534 | Swamp:1  | Gained mutation: Armour fits poorly on your large
                  | pseudopods. [Jiyva's grace]
 26534 | Swamp:1  | Gained mutation: Armour fits poorly on your massive
                  | pseudopods. [Jiyva's grace]
 26534 | Swamp:1  | Gained mutation: You have acidic saliva. [Jiyva's grace]
 26783 | Swamp:1  | Noticed Frances
 26810 | Swamp:1  | Killed Frances
 27010 | Swamp:2  | Noticed a fenstrider witch
 27118 | Swamp:2  | Noticed a thorn hunter
 27238 | Swamp:2  | Killed a thorn hunter
 27261 | Swamp:2  | Killed a fenstrider witch
 27418 | Swamp:2  | an eight-headed hydra changed into an azure jelly
 27418 | Swamp:2  | Noticed an azure jelly
 27579 | Swamp:2  | Identified the +2 robe of Fosisen {Int+2 Archmagi}
 28078 | Swamp:3  | Noticed Jorgrun
 28093 | Swamp:3  | Slimified Jorgrun
 28093 | Swamp:3  | Jorgrun changed into Jorgrun the slime creature
 28093 | Swamp:3  | Noticed Jorgrun
 28124 | Swamp:3  | Noticed Donald
 28128 | Swamp:3  | Noticed a thorn hunter
 28184 | Swamp:3  | Noticed a thorn hunter
 28199 | Swamp:3  | Killed a thorn hunter
 28200 | Swamp:3  | Reached XP level 17. HP: 159/178 MP: 33/33
 28239 | Swamp:3  | Noticed Mara
 28253 | Swamp:3  | Noticed Louise
 28273 | Abyss:3  | Found a corrupted altar of Lugonu.
 28273 | Abyss:3  | Cast into level 3 of the Abyss (Louise)
 28381 | Abyss:3  | Noticed a tentacled starspawn
 28385 | Abyss:3  | Noticed a tentacled starspawn
 28394 | Abyss:3  | Reached skill level 10 in Conjurations
 28394 | Abyss:3  | Reached skill level 10 in Hexes
 28394 | Abyss:3  | Reached skill level 10 in Summonings
 28394 | Abyss:3  | Reached skill level 10 in Necromancy
 28394 | Abyss:3  | Reached skill level 10 in Translocations
 28394 | Abyss:3  | Reached skill level 10 in Ice Magic
 28394 | Abyss:3  | Reached skill level 10 in Air Magic
 28394 | Abyss:3  | Reached skill level 10 in Earth Magic
 28394 | Abyss:3  | Reached skill level 10 in Alchemy
 28609 | Abyss:3  | Found a corrupted altar of Lugonu.
 28675 | Abyss:3  | Noticed a tentacled starspawn
 28699 | Abyss:3  | Noticed a bone dragon
 28714 | Abyss:3  | Paralysed by accursed screaming for 1 turns
 28718 | Abyss:3  | Killed a tentacled starspawn
 28720 | Abyss:3  | Paralysed by accursed screaming for 2 turns
 28728 | Abyss:3  | Paralysed by accursed screaming for 2 turns
 28728 | Abyss:3  | Slain by a bone dragon

Illustrated notes

Levels and vault maps discovered:
D:1:      heliophobic_arrival_henge, layout_basic, minmay_indecisive_spiral
D:2:      layout_rooms, minmay_hexomino_r4, uniq_sigmund, uniq_natasha,
          uniq_crazy_yiuf_cottage
D:3:      layout_rooms, nicolae_dithmenos_the_darkroom,
          mainiacjoe_overflow_catwalk_spiral, amcnicky_altar_gilded, uniq_robin
D:4:      layout_layer_cave, okawaru_metal_pillars_1_2,
          minmay_temple_entry_ruins, grunt_decor_arrowhead, minmay_unequal,
          uniq_pikel
D:5:      gammafunk_wand_slinger, layout_cave_pools, serial_column_ruins,
          column_ruins_hut, column_ruins_hut_ruined,
          column_ruins_corridor_water, column_ruins_open_medium,
          column_ruins_grid_3, column_ruins_corridor_plus, column_ruins_grid_1,
          column_ruins_corridor_corner, column_ruins_columns_dead_end,
          uniq_menkaure
D:6:      layout_basic, minmay_joined_circles
D:7:      layout_basic, gammafunk_temple_overflow_statue, uniq_prince_ribbit1
D:8:      layout_rooms, dpeg_oklobed_lair, item_on_display_a
D:9:      cheibrodos_helix_gallery, layout_stronghold,
          roadster_capsule_ark_zombie, uniq_maggie, uniq_jeremiah
D:10:     layout_gridville, chei_slow_surprise, nicolae_vehumet_radiance,
          gammafunk_ghost_cemetery
D:11:     layout_roguey, orc_0_dummy, serial_shops, shop,
          nicolae_shop_hallway_plus, shop, shop
D:12:     layout_cave_pools, uniq_gastronok
D:13:     layout_cross, grunt_vaults_entry_fortified
D:14:     layout_loops_cross, solitary_fountain
D:15:     hangedman_depths_entry_try_elsewhere_first, layout_loops_corners,
          gauntlet_entry_generic, library_closet
Temple:   nicolae_temple_bog_church
Lair:1:   layout_small_grid
Lair:2:   layout_chaotic_city, spider_nest_entry_funnel_web,
          portal_ice_cave_rime, grunt_forest_stairs_clearing,
          infiniplex_staircase_pool
Lair:3:   layout_regular_city, minmay_swamp_entry_swarm, minmay_hedge_maze,
          serial_bayou_shore_a, grunt_megastairs_1
Lair:4:   minmay_lair_oklob_tunnel, layout_regular_city, slime_entry_1,
          pdpol_lair_cabin_in_the_woods
Lair:5:   evilmike_catoblepas_cave, layout_hall_layers
Swamp:1:  layout_basic_swamp, evilmike_swamp_ruin_house_3,
          nicolae_swamp_big_swirl, swamp_pool_4, uniq_frances
Swamp:2:  layout_falls_marsh, evilmike_swamp_ruin_house_1, swamp_pool_5,
          nicolae_swamp_soggy_hallways
Swamp:3:  layout_basic_swamp, evilmike_swamp_ruin_house_4, uniq_donald,
          uniq_louise, uniq_jorgrun, uniq_mara
Orc:1:    layout_diamond_mine, gammafunk_ghost_stat_death, uniq_fannar
Orc:2:    kennysheep_orc_mage_school, layout_diamond_mine, basic_altar,
          uniq_rupert, uniq_maurice
Abyss:3:  base: Swamp:2, minivault_1, hangedman_decor_peaks_small,
          nicolae_abyss_rune_star_stuff, spicy_abyss_rude_harpoons,
          evilmike_abyss_rune_siren_acolytes,
          evilmike_abyss_rune_siren_acolytes, minivault_19

Skill      XL: |  1  2  3  4  5  6  7  8  9 10 11 12 13 14 15 16 17 |
---------------+----------------------------------------------------+-----
Invocations    | 1 2 3 4 5 6 7 8 9 10 11 12 | 12.9
Short Blades   | 1 2 3 4 5 6 7 8 9 10 11 | 11.9
Long Blades    | 1 2 3 4 5 6 7 8 9 10 11 | 11.9
Axes           | 1 2 3 4 5 6 7 8 9 10 11 | 11.9
Maces & Flails | 1 2 3 4 5 6 7 8 9 10 11 | 11.9
Staves         | 1 2 3 4 5 6 7 8 9 10 11 | 11.9
Ranged Weapons | 1 2 3 4 5 6 7 8 9 10 11 | 11.9
Throwing       | 1 2 3 4 5 6 7 8 9 10 11 | 11.9
Armour         | 1 2 3 4 5 6 7 8 9 10 11 | 11.9
Dodging        | 1 2 3 4 5 6 7 8 9 10 11 | 11.9
Stealth        | 1 2 3 4 5 6 7 8 9 10 11 | 11.9
Shields        | 1 2 3 4 5 6 7 8 9 10 11 | 11.9
Unarmed Combat | 1 2 3 4 5 6 7 8 9 10 11 | 11.9
Spellcasting   | 3 4 5 6 7 8 9 10 11 12 | 12.2
Evocations     | 1 2 3 4 5 6 7 8 9 10 11 | 11.9
Shapeshifting  | 1 2 3 4 5 6 7 8 9 10 11 | 11.0
Conjurations   | 1 2 3 4 5 6 7 8 9 10 | 10.1
Hexes          | 1 2 3 4 5 6 7 8 9 10 | 10.1
Summonings     | 1 2 3 4 5 6 7 8 9 10 | 10.1
Necromancy     | 1 2 3 4 5 6 7 8 9 10 | 10.1
Translocations | 1 2 3 4 5 6 7 8 9 10 | 10.1
Ice Magic      | 1 2 3 4 5 6 7 8 9 10 | 10.1
Air Magic      | 1 2 3 4 5 6 7 8 9 10 | 10.1
Earth Magic    | 1 2 3 4 5 6 7 8 9 10 | 10.1
Alchemy        | 1 2 3 4 5 6 7 8 9 10 | 10.1
Fighting       | 7 8 9 10 11 12 13 | 13.5
Polearms       | 7 8 9 10 11 12 13 | 13.5
Fire Magic     | 6 7 8 9 10 11 | 11.4

Action                     |  1- 3 |  4- 6 |  7- 9 | 10-12 | 13-15 | 16-18 || total
---------------------------+-------+-------+-------+-------+-------+-------++-------
  Melee: Whip              |    96 |   128 |   256 |       |       |       ||   480
         Spear             |     4 |       |    23 |       |       |       ||    27
         Bite              |     4 |     2 |    39 |   136 |   281 |    94 ||   556
         Trident           |       |       |   131 |   415 |       |       ||   546
         Lance             |       |       |       |   574 |  1845 |   755 ||  3174
         Pseudopods        |       |       |       |       |    50 |    79 ||   129
         Kick              |       |       |       |       |    70 |   223 ||   293
  Throw: Stone             |       |    11 |     4 |    17 |    25 |    32 ||    89
         Boomerang         |       |       |    26 |    36 |       |       ||    62
 Invoke: Foxfire Swarm     |       |     1 |       |     2 |       |       ||     3
         Fiery Armour      |       |     1 |     2 |     6 |       |       ||     9
         Slimify           |       |       |       |       |     2 |     6 ||     8
  Evoke: Wand              |       |       |     2 |    26 |     6 |    20 ||    54
    Use: Scroll            |       |       |     5 |     6 |    15 |     3 ||    29
         Potion            |       |       |       |     1 |       |     5 ||     6
   Stab: Sleeping          |       |       |     1 |     5 |    17 |    10 ||    33
         Distracted        |       |       |       |     1 |     5 |     3 ||     9
         Petrified         |       |       |       |       |    11 |       ||    11
         Petrifying        |       |       |       |       |     1 |       ||     1
         Confused          |       |       |       |       |    17 |    21 ||    38
 Armour: Robe              |    56 |       |       |       |       |       ||    56
         Ring mail         |    11 |   102 |   163 |   106 |       |       ||   382
         Leather armour    |     1 |       |       |       |       |       ||     1
         Scale mail        |       |    12 |    83 |   471 |   642 |       ||  1208
         Storm dragon scal |       |       |       |       |    52 |   340 ||   392
  Dodge: Dodged            |    48 |    68 |   182 |   284 |   335 |    86 ||  1003
  Block: Buckler           |       |       |       |   193 |   101 |       ||   294
         Reflection        |       |       |       |     2 |    27 |    18 ||    47
         Kite shield       |       |       |       |       |   697 |   330 ||  1027

Table legend: (Time is in decaauts)
 A = Elapsed time spent in this place.
 B = Non-inter-level travel time spent in this place.
 C = Inter-level travel time spent in this place.
 D = Time resting spent in this place.
 E = Time spent auto-exploring this place.
 F = Levels seen in this place.
 G = Mean time per level.
                   A        B        C        D        E       F      G
               +--------+--------+--------+--------+--------+-----+--------+
         Total |  27462 |  25664 |   1798 |   1360 |  17504 |  28 |  980.8 |
       Dungeon |  15822 |  14731 |   1091 |    609 |  11057 |  15 | 1054.8 |
        Temple |      1 |      1 |      0 |      0 |      0 |   1 |    1.0 |
          Lair |   6203 |   5692 |    511 |    300 |   3686 |   5 | 1240.6 |
         Swamp |   1995 |   1887 |    108 |    207 |   1143 |   3 |  665.0 |
  Orcish Mines |   1588 |   1501 |     87 |     18 |    977 |   2 |  794.0 |
         Abyss |    385 |    385 |      0 |     29 |     13 |   1 |  385.0 |
      Ice Cave |   1464 |   1464 |      0 |    197 |    628 |   1 | 1464.0 |
               +--------+--------+--------+--------+--------+-----+--------+

Top non-repeatable levels by time:
     D:9: 1692 daAuts
     D:6: 1485 daAuts
  Lair:5: 1475 daAuts
   IceCv: 1464 daAuts
  Lair:4: 1426 daAuts
     D:7: 1407 daAuts
     D:4: 1363 daAuts
  Lair:2: 1180 daAuts
     D:1: 1151 daAuts
    D:15: 1118 daAuts
  Lair:3: 1077 daAuts
   Orc:2: 1048 daAuts
  Lair:1: 1045 daAuts
     D:8: 1045 daAuts
    D:10: 1041 daAuts
